 Dungeon Crawl Stone Soup version 0.20-a0-972-gb9bd3e6 (webtiles) character file.

170 Koga the Conjurer (level 5, -5/31 HPs)
             Began as an Octopode Conjurer on Apr 9, 2017.
             Slain by Brightside's ghost (7 damage)
             ... on level 3 of the Dungeon.
             The game lasted 00:08:16 (2545 turns).

Koga the Conjurer (Octopode Conjurer)               Turns: 2545, Time: 00:08:17

Health: -5/31      AC:  1    Str:  4 (7)  XL:     5   Next: 51%
Magic:  4/10       EV: 19    Int: 23 (24) God:
Gold:   71         SH:  0    Dex: 17 (19) Spells: 9/12 levels left

rFire    . . .     SeeInvis .   i - +1 club
rCold    + . .     Gourm    .   (no shield)
rNeg     . . .     Faith    .   (helmet restricted)
rPois    .         Spirit   .   (no amulet)
rElec    .         Reflect  .   (no ring)
rCorr    .         Harm     .   (no ring)
MR       .....                  (no ring)
Stlth    ++++......             (no ring)
Regen    0.1/turn               (no ring)
MPRegen  0.2/turn               (no ring)
                                (no ring)
                                (no ring)

@: brilliant, agile
A: almost no armour, stealthy swim, amphibious, 8 rings, constrict 8, camouflage
1, agile 1, blurry vision 1, cold resistance 1, low mp 1, gelatinous body 1
a: no special abilities


You were on level 3 of the Dungeon.
You were not hungry.

You visited 1 branch of the dungeon, and saw 3 of its levels.

You collected 71 gold pieces.

Inventory:

Hand Weapons
 i - a +1 club (weapon)
 o - a +2 flail of distortion
Scrolls
 c - a scroll of magic mapping {unknown}
 d - 2 scrolls of enchant weapon
 e - 2 scrolls of remove curse {unknown}
 f - a scroll of fear {unknown}
 l - a scroll of identify {unknown}
Potions
 j - 2 potions of mutation
Books
 a - a book of Conjurations

   Spells                             Type                      Level
   a - Magic Dart                     Conjuration                  1
   b - Searing Ray                    Conjuration                  2
   c - Dazzling Spray                 Conjuration/Hexes            3
   d - Fulminant Prism                Conjuration/Hexes            4
   e - Force Lance                    Conjuration/Translocation    4
   f - Iskenderun's Mystic Blast      Conjuration                  4
Comestibles
 b - 2 bread rations
 k - a meat ration
 n - a chunk of flesh
 q - a royal jelly


   Skills:
 - Level 2.0 Dodging
 - Level 2.6 Stealth
 + Level 4.2 Spellcasting
 - Level 5.1 Conjurations


You had 9 spell levels left.
You knew the following spells:

 Your Spells              Type           Power        Failure   Level  Hunger
a - Magic Dart            Conj           ####         1%          1    None
b - Searing Ray           Conj           #####.       1%          2    #......


Dungeon Overview and Level Annotations

Branches:
Dungeon (3/15)

Altars:
Nemelex Xobeh

Annotations:
D:3 Brightside's ghost, amateur GrAK


Innate Abilities, Weirdness & Mutations

You cannot wear most types of armour.
You are very stealthy in the water. (Stealth+)
You are amphibious.
You can wear up to eight rings at the same time.
You can use your tentacles to constrict eight enemies at once.
Your skin changes colour to match your surroundings (Stealth+).
Your rubbery body absorbs attacks. (AC +1, EV +1)
You are agile. (Dex +2)
Scrolls take you a little longer to read.
Your flesh is cold resistant. (rC+)
Your magical capacity is low. (-10% MP)


Message History

Brightside's ghost completely misses you.
Unknown command.
Brightside's ghost misses you.
Brightside's ghost says very slowly, "There's no hope."
Really read with blurry vision while enemies are nearby?
Uppercase [Y]es or [N]o only, please.
Really read with blurry vision while enemies are nearby?
You begin reading the scroll.
You continue reading the scroll.
Brightside's ghost closely misses you.
As you read the scroll labeled ECKURE XUOHASK, it crumbles to dust.
It is a scroll of enchant weapon.
Your +0 club glows red for a moment.
You hit Brightside's ghost.
Brightside's ghost is moderately damaged.
You hear a splashing noise.
Brightside's ghost closely misses you.
You barely miss Brightside's ghost.
Brightside's ghost is moderately damaged.
Brightside's ghost hits you!
You die...

#.............
#...........##
#####.####..#
#.# ..# #.# ..#
#.## . #..# ###
##W# ##..# #@#
#....##.##
≈#(....#..#
≈≈P≈....#.#
≈≈≈≈≈.....#
≈≈≈P≈.....##.#
≈P≈≈P≈≈≈≈....#
PP≈≈≈≈P≈.P≈≈....
≈≈h≈≈≈≈≈≈≈≈≈PP..


You could see Brightside's ghost.

Vanquished Creatures
  Robin (D:1)
  5 adders
  2 gnolls (D:3)
  3 oozes
  3 worms
  A dart slug (D:2)
  2 leopard geckos (D:1)
  An orc (D:3)
  A giant cockroach (D:1)
  12 goblins
  9 hobgoblins
  4 jackals (D:2)
  6 kobolds
  3 quokkas (D:3)
  7 bats
  5 frilled lizards
  5 rats
70 creatures vanquished.

Notes
Turn   | Place    | Note
-------+----------+-------------------------------------------
     0 | D:1      | Koga the Octopode Conjurer began the quest for the Orb.
     0 | D:1      | Reached XP level 1. HP: 11/11 MP: 3/3
    87 | D:1      | Reached XP level 2. HP: 17/17 MP: 0/5
    96 | D:1      | Learned a level 2 spell: Searing Ray
   446 | D:1      | Reached XP level 3. HP: 21/21 MP: 0/6
   635 | D:1      | Reached skill level 5 in Conjurations
   991 | D:2      | Reached XP level 4. HP: 27/27 MP: 3/7
  1019 | D:2      | Noticed Robin
  1062 | D:1      | Killed Robin
  2072 | D:3      | Reached XP level 5. HP: 31/31 MP: 1/10
  2080 | D:3      | Noticed Brightside's ghost (amateur GrAK)
  2081 | D:3      | Found a sparkling altar of Nemelex Xobeh.
  2500 | D:3      | Gained mutation: You are agile. (Dex +2) [potion of mutation]
  2500 | D:3      | Gained mutation: Your magical capacity is low. (-10% MP) [potion of mutation]
  2500 | D:3      | Gained mutation: Scrolls take you a little longer to read. [potion of mutation]
  2500 | D:3      | Gained mutation: Your flesh is cold resistant. (rC+) [potion of mutation]
  2536 | D:3      | HP: 1/31 [Brightside's ghost (10)]
  2545 | D:3      | Slain by Brightside's ghost

Vault maps used:
D:1:      lemuel_arrival_rhombus
D:2:      first_bread, uniq_robin
D:3:      wad_woods_stonehenge, nicolae_overflow_crystal_walls,
          makhleb_blood_cavern_becter, gammafunk_temple_overflow_pools,
          chequers_big_river

Skill      XL: |  1  2  3  4  5 |
---------------+----------------+-----
Conjurations   | 5 |  5.1
Spellcasting   | 3 4 |  4.2
Dodging        | |  2.0
Stealth        | |  2.6

Action                   |  1- 3 |  4- 6 || total
-------------------------+-------+-------++-------
Melee: Unarmed           |     4 |       ||     4
       Tentacles         |     2 |    14 ||    16
       Club              |     2 |    42 ||    44
       Constrict         |     2 |     8 ||    10
 Cast: Magic Dart        |    43 |    56 ||    99
       Searing Ray       |     2 |    14 ||    16
  Use: Potion            |       |     5 ||     5
       Scroll            |       |     1 ||     1
  Eat: Chunk             |     1 |     5 ||     6
Armor: Skin              |       |     1 ||     1
Dodge: Dodged            |     7 |    38 ||    45
